 Dungeon Crawl Stone Soup version 0.20-a0-870-g4070442 (webtiles) character file.

27430 krabocopter the Fighter (level 13, -1/69 HPs)
             Began as a Vine Stalker Fighter on Mar 13, 2017.
             Was a High Priest of Hepliaklqana.
             Slain by a seven-headed hydra (5 damage)
             ... on level 5 of the Lair of Beasts.
             The game lasted 01:01:54 (12879 turns).

krabocopter the Fighter (Vine Stalker Fighter)     Turns: 12879, Time: 01:01:54

Health: -1/69      AC: 20    Str: 17      XL:     13   Next: 32%
Magic:  0/14       EV: 15    Int:  8 (10) God:    Hepliaklqana [*****.]
Gold:   712        SH: 16    Dex: 20 (22) Spells: 11/12 levels left

rFire    . . .     SeeInvis .   s - +0 mace (drain)
rCold    + . .     Gourm    .   C - +7 leather armour of Ru's Regard {rC+}
rNeg     . . .     Faith    .   o - +3 shield {AC+3}
rPois    +         Spirit   +   (no helmet)
rElec    .         Reflect  .   k - +0 cloak
rCorr    +         Harm     .   E - +0 pair of gloves
MR       +....                  d - +2 pair of boots
Stlth    +++.......             z - amulet of magic regeneration
Regen    1.1/turn               H - ring of resist corrosion
MPRegen  0.3/turn               F - ring of poison resistance

@: agile
A: reduced essence, fangs 3, talons 1, deterioration 1, regeneration 2, weak 1,
magic shield, antimagic bite, no potion heal 3, rot immunity
a: Recall Ancestor, Ancestor Identity, Transference, Idealise, Renounce Religion


You were on level 5 of the Lair of Beasts.
You worshipped Hepliaklqana.
Hepliaklqana was extremely pleased with you.
You were very hungry.

You visited 2 branches of the dungeon, and saw 16 of its levels.
You also visited: Bailey.

You collected 712 gold pieces.

Inventory:

Hand Weapons
 a - a +1 long sword
 s - a +0 mace of draining (weapon)
 x - the +3 long sword "Anna" {venom, rF++ rC+}
   (You found it on level 5 of the Lair of Beasts)

   It poisons the flesh of those it strikes.
   It greatly protects you from fire.
   It protects you from cold.
Armour
 d - a +2 pair of boots (worn)
 k - a +0 cloak (worn)
 o - a +3 shield of protection (worn)
 C - the +7 leather armour of Ru's Regard (worn) {rC+}
   (You found it on level 4 of the Dungeon)

   It protects you from cold.
 E - a +0 pair of gloves (worn)
 S - +0 storm dragon scales
Jewellery
 p - an uncursed ring of fire
 z - an amulet of magic regeneration (around neck)
 F - a ring of poison resistance (left hand)
 H - a ring of resist corrosion (right hand)
 K - an uncursed ring of wizardry
 V - an uncursed ring of ice
Wands
 r - a wand of confusion (32/48)
 I - a wand of polymorph (8/24)
 O - a wand of lightning (7/15)
Scrolls
 c - 5 scrolls of recharging
 e - 6 scrolls of identify
 h - a scroll of enchant weapon
 i - a scroll of fear {unknown}
 j - 5 scrolls of immolation
 l - 6 scrolls of remove curse
 q - 2 scrolls of enchant armour
 v - 4 scrolls of amnesia
 y - 4 scrolls of teleportation
 J - a scroll of brand weapon {unknown}
 N - 4 scrolls of magic mapping
 T - a scroll of summoning {unknown}
 W - a scroll of fog {unknown}
 Y - a scroll of holy word {unknown}
Potions
 g - a potion of ambrosia
 n - 2 potions of resistance
 u - 2 potions of curing
 w - a potion of agility
 A - 2 potions of brilliance
 D - a potion of cancellation
 L - 2 potions of flight
 M - a potion of haste
 U - 3 potions of invisibility
Books
 b - a book of Maledictions

   Spells                             Type                      Level
   a - Corona                         Hexes                        1
   b - Ensorcelled Hibernation        Hexes/Ice                    2
   c - Confuse                        Hexes                        3
   d - Tukima's Dance                 Hexes                        3
   e - Dazzling Spray                 Conjuration/Hexes            3
 Q - a book of Minor Magic

   Spells                             Type                      Level
   a - Magic Dart                     Conjuration                  1
   b - Blink                          Translocation                2
   c - Call Imp                       Summoning                    2
   d - Slow                           Hexes                        2
   e - Conjure Flame                  Conjuration/Fire             3
   f - Mephitic Cloud                 Conjuration/Poison/Air       3
Miscellaneous
 R - a phantom mirror
Comestibles
 f - 13 bread rations
 m - 7 fruits
 t - 7 meat rations
 P - 4 royal jellies


   Skills:
 - Level 13.0 Fighting
 - Level 2.8 Long Blades
 + Level 10.6 Armour
 + Level 0.5 Dodging
 + Level 11.1 Shields


You had 11 spell levels left.
You knew the following spells:

 Your Spells              Type           Power        Failure   Level  Hunger
a - Corona                Hex            #......      82%         1    ##.....


Dungeon Overview and Level Annotations

Branches:
Dungeon (11/15)            Temple (0/1) D:6            Lair (5/6) D:8
  Swamp (0/4) Lair:4        Snake (0/4) Lair:4          Orc (0/2) D:9
  Slime: Lair:5-6

Altars:
Cheibriados
Dithmenos
Gozag
Hepliaklqana
Kikubaaqudgha
Makhleb
Nemelex Xobeh
Vehumet
Xom
Beogh

Shops:
D:8 (   D:9 (


Innate Abilities, Weirdness & Mutations

You have razor-sharp teeth.
You heal very quickly.
When hurt, damage is shared between your health and your magic reserves.
Your bite disrupts and absorbs the magic of your enemies.
Potions cannot restore your health.
You are immune to rotting.
Your life essence is reduced. (-10% HP)
You have sharp toenails.
Your body sometimes deteriorates upon taking damage.
You are weak. (Str -2)


Message History

The seven-headed hydra bites you but does no damage.
You block the seven-headed hydra's attack.
The seven-headed hydra bites you!
* * * LOW HITPOINT WARNING * * *
The seven-headed hydra bites you!
* * * LOW HITPOINT WARNING * * *
The seven-headed hydra bites you but does no damage. x2
The crocodile bites you but does no damage.
The bullfrog misses you.
The seven-headed hydra bites you but does no damage. x3
The seven-headed hydra bites you.
* * * LOW HITPOINT WARNING * * *
The seven-headed hydra closely misses you.
The seven-headed hydra bites you but does no damage. x2
You take 15 damage, and have 3/69 hp.
MASSIVE DAMAGE!!
You now have 2/14 mp.
You feel agile all of a sudden. You block the bullfrog's attack.
You block the crocodile's attack.
The seven-headed hydra closely misses you.
The seven-headed hydra bites you!
You die...

### #### ####R# ###
##.#.# ###.#.####.##
#P..##
#.......#...###..#.#.#
#.........#...........#
##....................#
##....P...........#...P#
##.....#..........#.#...#
#......###.P...@#####....
##..#### ####.tDF# .F.
#...# ##...# .. ##...#
.#.... .#...## ###....
#...#.# #..... #..####
#P..... ...# ###.....
..##


You could see a seven-headed hydra, a crocodile and a bullfrog.

Vanquished Creatures
  2 hydras
  A death knight (D:9)
  The ghost of Yehuk the Protected, a novice DsFi of Makhleb (D:9)
  Maurice (D:11)
  A black mamba (Lair:3)
  The ghost of Yehuk the Covered, a novice DDFi (D:4)
  A spiny frog (Lair:3)
  A komodo dragon (Lair:3)
  A rime drake (Lair:3)
  The ghost of Syneil the Firebug, a novice DEFE of Sif Muna (D:5)
  5 polar bears (Lair:3)
  Grinder (D:3)
  6 blink frogs (Lair:3)
  4 hippogriffs
  16 yaks
  2 wyverns
  A wraith (D:11)
  7 water moccasins
  A soldier ant (D:11)
  9 porcupines
  8 ice beasts
  5 orc warriors
  3 phantoms
  2 sky beasts
  8 black bears
  A necrophage (D:9)
  6 ogres
  3 boggarts (Lair:4)
  10 wolves
  2 centaurs
  3 crocodiles
  A big kobold (D:11)
  A gnoll sergeant (D:8)
  10 bullfrogs
  3 scorpions
  11 wights
  15 killer bees
  2 crimson imps
  A centaur zombie (D:9)
  8 hounds
  3 jellies
  8 orc priests
  Jessica (D:3)
  A bullfrog skeleton (D:7)
  A centaur skeleton (D:6)
  A hell rat (Lair:1)
  An iguana (D:7)
  7 orc wizards
  7 worker ants
  A hound zombie (D:5)
  3 hound skeletons
  2 worker ant zombies
  Robin (D:4)
  8 gnolls
  A howler monkey zombie (D:6)
  9 adders
  2 oozes
  2 adder zombies
  2 worms
  2 dart slugs
  2 leopard geckos
  37 orcs
  6 bats
  5 giant cockroaches
  18 goblins
  6 hobgoblins
  7 jackals
  15 kobolds
  3 quokkas
  2 ball pythons
  A frilled lizard (D:5)
  A jackal skeleton (D:6)
  A leopard gecko zombie (D:5)
  A quokka zombie (D:3)
  4 rats
338 creatures vanquished.

Vanquished Creatures (collateral kills)
  A hydra (Lair:4)
  Erolcha (D:9)
  2 spiny frogs
  A centaur skeleton (D:11)
  A komodo dragon (Lair:3)
  A polar bear (Lair:3)
  A blink frog (Lair:3)
  2 hippogriffs
  7 yaks
  A naga (Lair:4)
  An acid dragon (D:11)
  The ghost of Dingo the Sneak, an amateur SpWr (D:6)
  2 water moccasins
  3 porcupines
  5 ice beasts
  2 orc warriors
  A black bear (Lair:3)
  3 wolves
  A boggart (Lair:4)
  A centaur (D:7)
  3 crocodiles
  A big kobold (D:10)
  7 bullfrogs
  A scorpion (D:9)
  A wight (D:7)
  A killer bee (D:11)
  2 electric eels
  A howler monkey (D:11)
  2 crimson imps
  A quasit (D:7)
  3 orc wizards
  A hound (D:9)
  3 orc priests
  2 iguanas
  A worker ant (D:7)
  A worker ant zombie (D:7)
  2 gnolls (Bailey)
  2 adders
  A howler monkey skeleton (D:6)
  A leopard gecko (D:7)
  3 orcs
  A jackal (D:7)
  A quokka (D:9)
  A kobold (D:10)
81 creatures vanquished.

Vanquished Creatures (others)
  12 hexers
  An ancestor (D:7)
  A fungus (Lair:3)
14 creatures vanquished.

Grand Total: 433 creatures vanquished

Notes
Turn   | Place    | Note
-------+----------+-------------------------------------------
     0 | D:1      | krabocopter the Vine Stalker Fighter began the quest for the Orb.
     0 | D:1      | Reached XP level 1. HP: 11/11 MP: 2/2
   343 | D:1      | Reached skill level 3 in Fighting
   343 | D:1      | Reached XP level 2. HP: 6/16 MP: 0/3
  1251 | D:2      | Reached XP level 3. HP: 6/20 MP: 1/4
  1824 | D:2      | Gained mutation: Your natural rate of healing is unusually fast. [Vine Stalker growth]
  1824 | D:2      | Reached XP level 4. HP: 25/25 MP: 5/5
  2015 | D:3      | Noticed Jessica
  2023 | D:3      | Killed Jessica
  2023 | D:3      | Reached skill level 4 in Fighting
  2199 | D:3      | Reached XP level 5. HP: 20/29 MP: 6/6
  2395 | D:3      | Noticed Grinder
  2395 | D:3      | Paralysed by Grinder for 6 turns
  2437 | D:3      | Killed Grinder
  2437 | D:3      | Reached skill level 5 in Fighting
  2437 | D:3      | Reached XP level 6. HP: 24/35 MP: 7/7
  2891 | D:4      | Noticed Yehuk's ghost (novice DDFi)
  2901 | D:4      | Killed Yehuk's ghost
  2901 | D:4      | Reached skill level 6 in Fighting
  2901 | D:4      | Reached XP level 7. HP: 21/40 MP: 8/8
  3208 | D:4      | Got a steaming leather armour
  3219 | D:4      | Identified the +7 leather armour of Ru's Regard {rC+} (You found it on level 4 of the Dungeon)
  3291 | D:4      | Noticed Robin
  3329 | D:4      | Killed Robin
  3348 | D:4      | Learned a level 1 spell: Corona
  3448 | D:4      | Gained mutation: You have razor-sharp teeth. [Vine Stalker growth]
  3448 | D:4      | Reached XP level 8. HP: 37/45 MP: 9/9
  3573 | D:5      | Entered Level 5 of the Dungeon
  3660 | D:5      | Reached skill level 7 in Fighting
  3970 | D:5      | Reached skill level 5 in Shields
  4025 | D:5      | Noticed Syneil's ghost (novice DEFE)
  4035 | D:5      | Killed Syneil's ghost
  4035 | D:5      | Reached skill level 5 in Armour
  4052 | D:5      | Found a hazy altar of Hepliaklqana.
  4059 | D:5      | Became a worshipper of Hepliaklqana the Forgotten
  4571 | D:6      | Reached XP level 9. HP: 45/45 MP: 10/10
  4662 | D:6      | Reached skill level 8 in Fighting
  4752 | D:6      | Found a staircase to the Ecumenical Temple.
  4756 | D:6      | Noticed Dingo's ghost (amateur SpWr)
  4775 | D:6      | Killed Dingo's ghost
  4816 | D:6      | Found a shimmering altar of Xom.
  4962 | D:6      | Found a sparkling altar of Nemelex Xobeh.
  4962 | D:6      | Reached * piety under Hepliaklqana
  5185 | D:6      | Found an ancient bone altar of Kikubaaqudgha.
  5267 | D:7      | Found a radiant altar of Vehumet.
  5416 | D:7      | Reached skill level 9 in Fighting
  5806 | D:7      | Reached XP level 10. HP: 52/52 MP: 11/11
  5822 | D:7      | Found Xiut Omi's Book Emporium.
  6015 | D:7      | Reached ** piety under Hepliaklqana
  6086 | D:7      | Remembered your ancestor Ciofeca di zuppa as a hexer
  6331 | D:8      | Found Viegra's Weapon Shoppe.
  6355 | D:8      | Reached skill level 10 in Fighting
  6571 | D:8      | Noticed a death yak
  6572 | D:8      | Noticed a death yak
  6582 | D:8      | Noticed a death yak
  6648 | D:9      | Found a shadowy altar of Dithmenos.
  6661 | D:9      | Noticed Erolcha
  6671 | D:9      | Killed Erolcha
  6704 | D:9      | Found a staircase to the Orcish Mines.
  6748 | D:9      | Found a roughly hewn altar of Beogh.
  6970 | D:9      | Found a snail-covered altar of Cheibriados.
  7025 | D:9      | Found Qogaschofiu's Antique Weapon Emporium.
  7134 | D:9      | Found an opulent altar of Gozag.
  7234 | D:9      | Noticed a death knight
  7296 | D:9      | Killed a death knight
  7296 | D:9      | Reached skill level 11 in Fighting
  7296 | D:9      | Reached XP level 11. HP: 34/58 MP: 12/12
  7367 | D:9      | Found a burning altar of Makhleb.
  7540 | D:9      | Noticed Yehuk's ghost (novice DsFi)
  7559 | D:9      | Killed Yehuk's ghost
  7587 | D:10     | Entered Level 10 of the Dungeon
  7629 | D:10     | Reached *** piety under Hepliaklqana
  7991 | D:10     | Found a flagged portal.
  8002 | Bailey   | Entered a bailey
  8081 | Bailey   | Noticed blastoid's ghost (novice DsGl)
  8673 | D:11     | Noticed Maurice
  8739 | D:11     | Killed Maurice
  9013 | D:8      | Found a staircase to the Lair.
  9023 | Lair:1   | Entered Level 1 of the Lair of Beasts
  9084 | Lair:1   | Reached skill level 12 in Fighting
  9339 | Lair:1   | Reached **** piety under Hepliaklqana
  9506 | Lair:1   | Gained mutation: You heal very quickly. [Vine Stalker growth]
  9506 | Lair:1   | Reached XP level 12. HP: 56/63 MP: 13/13
 10463 | Lair:2   | Gained mutation: Armour fits poorly on your strangely shaped body. [potion of mutation]
 10463 | Lair:2   | Gained mutation: You have a pair of small horns on your head. [potion of mutation]
 10859 | Lair:3   | Noticed a four-headed hydra
 11015 | Lair:3   | Lost mutation: Armour fits poorly on your strangely shaped body. [potion of mutation]
 11015 | Lair:3   | Lost mutation: You have a pair of small horns on your head. [potion of mutation]
 11015 | Lair:3   | Gained mutation: You are weak. (Str -2) [potion of mutation]
 11015 | Lair:3   | Gained mutation: Your body sometimes deteriorates upon taking damage. [potion of mutation]
 11015 | Lair:3   | Gained mutation: You have sharp toenails. [potion of mutation]
 11147 | Lair:3   | Reached skill level 10 in Shields
 11331 | Lair:3   | Reached skill level 13 in Fighting
 11332 | Lair:3   | Reached ***** piety under Hepliaklqana
 11381 | Lair:3   | Killed a four-headed hydra
 11564 | Lair:3   | Reached skill level 10 in Armour
 11770 | Lair:4   | Reached XP level 13. HP: 40/69 MP: 9/14
 12080 | Lair:4   | Found a staircase to the Snake Pit.
 12177 | Lair:4   | Found a staircase to the Swamp.
 12219 | Lair:4   | Found a frozen archway.
 12860 | Lair:5   | Got an iridescent long sword
 12861 | Lair:5   | Identified the +3 long sword "Anna" {venom, rF++ rC+} (You found it on level 5 of the Lair of Beasts)
 12878 | Lair:5   | HP: 3/69 [seven-headed hydra (4)]
 12879 | Lair:5   | Slain by a seven-headed hydra

Vault maps used:
D:1:      dpeg_arrival_windows_large_door
D:2:      first_bread
D:3:      uniq_grinder, uniq_jessica
D:4:      uniq_robin
D:5:      nicolae_overflow_crystal_walls, hangedman_decor_slide_cut
D:6:      kennysheep_little_box, marbit_many_paths, temple_fountains,
          nemelex_altar_shiori
D:7:      vehumet_altar_wand_db, serial_shops, shop, grunt_ogre_cave,
          hangedman_minor_gate_pass
D:8:      dpeg_lair_monsters, serial_shops, nicolae_shop_trees,
          nicolae_ru_sacrificial_ziggurat
D:9:      grunt_gozag_statues, grunt_dithmenos_smoke_and_mirrors,
          makhleb_blood_cavern_becter, slow_altar_1,
          minmay_orc_entry_temple_small, serial_shops, nicolae_shop_stone,
          uniq_erolcha
D:10:     enter_bailey_3
D:11:     kennysheep_pointless_box, lemuel_old_faithful, uniq_maurice
Lair:2:   nicolae_quartered_pool_super, hangedman_lair_unloving_vines,
          infiniplex_staircase_pool, grunt_megastairs_3
Lair:3:   beast_lair_carwin_large_4
Lair:4:   swamp_mist, guppyfry_snake_entry_garden,
          portal_ice_cave_entry_ice_beasts, kilobyte_rumbling_trees
Lair:5:   minmay_slime_entry_oklob_enclosed, lemuel_fruit_fields
Bailey:   bailey_polearm_gnolls_kennysheep, bailey

Skill      XL: |  1  2  3  4  5  6  7  8  9 10 11 12 13 |
---------------+----------------------------------------+-----
Fighting       | 3 4 5 6 7 9 11 12 13 | 13.0
Shields        | 3 4 5 6 7 9 10 11 | 11.1
Armour         | 3 4 5 6 7 8 10 | 10.6
Long Blades    | 2 |  2.8
Dodging        | |  0.5

Action                   |  1- 3 |  4- 6 |  7- 9 | 10-12 | 13-15 || total
-------------------------+-------+-------+-------+-------+-------++-------
Melee: Long sword        |    65 |   128 |   324 |   864 |    28 ||  1409
       Bite              |    16 |    48 |   110 |   378 |    64 ||   616
       Headbutt          |       |       |       |    20 |       ||    20
       Mace              |       |       |       |     6 |   160 ||   166
Invok: Recall Ancestor   |       |       |     1 |     1 |       ||     2
       Ancestor Identity |       |       |     1 |       |       ||     1
       Ancestor Life: He |       |       |       |     1 |       ||     1
Evoke: Wand              |       |       |       |       |     3 ||     3
  Use: Potion            |     2 |     1 |     1 |     7 |     2 ||    13
       Scroll            |       |       |     1 |    16 |       ||    17
 Stab: Distracted        |       |       |     1 |    11 |       ||    12
       Confused          |       |       |       |    10 |     2 ||    12
       Sleeping          |       |       |       |     1 |       ||     1
  Eat: Chunk             |     3 |     3 |    11 |    21 |     3 ||    41
Armor: Scale mail        |    34 |    54 |    14 |       |       ||   102
       Leather armour    |       |       |   134 |   510 |   186 ||   830
       Skin              |       |       |       |       |    60 ||    60
Dodge: Dodged            |    15 |    34 |   113 |   365 |   114 ||   641
Block: Shield            |    31 |    88 |   212 |   831 |   265 ||  1427
       Rpst.: Long sword |     5 |    11 |    30 |    94 |     1 ||   141
